cohdb
Replays
Latest Replays
All Replays
Popular Replays
Top Player Replays
Match Explorer
How It Works
Community
CoH3 Stats
Reddit
Sign in to upload your games and track your stats! →
Sign in with Steam
Match 47158042
Unlisted
Match 47158042
Overview
Messages
Build Orders
End
Construct Section Command Post
Selects Air and Sea Battlegroup
Selects Air and Sea Battlegroup
Dingo Light Scout Car
Dingo Light Scout Car
Dingo Light Scout Car
Dingo Light Scout Car
Selects Supply Surplus
Construct Resource Cache
Construct Resource Cache
Construct Resource Cache
Construct Resource Cache
Construct Platoon Command Post
HelloFriends :D
tethuya
dl5277
Sergei_W40k
SUPER_NOOB
-=Thrawn=-
old tiger
Heart scratch
0
0
Comments
sign in to comment!
No comments posted yet!